Replay - Snute v uThermal: Game 2 - Frost LE

Build Order

Get SALT Encoding   

  12  0:02  SCV  
  13  0:14  SCV  
  14  0:17  Supply Depot  
  14  0:26  SCV  
  15  0:38  SCV  
  15  0:41  Barracks  
  16  0:44  Refinery  
  16  0:50  SCV  
  17  1:03  SCV  
  18  1:15  SCV  
  19  1:28  Orbital Command, Reaper  
  20  1:41  Command Center  
  20  1:53  Barracks  
  20  1:55  SCV  
  21  2:01  Barracks Reactor  
  21  2:07  SCV  
  22  2:09  Supply Depot  
  22  2:15  Refinery  
  22  2:19  SCV  
  23  2:25  Factory  
  23  2:31  SCV  
  24  2:38  Marine x2  
  24  2:41  Barracks Tech Lab  
  24  2:43  SCV  
  27  2:53  Orbital Command  
  27  2:55  SCV  
  28  3:01  Stimpack, Marine x2  
  28  3:05  Marine  
  31  3:07  SCV  
  32  3:16  Starport  
  32  3:19  SCV  
  33  3:20  SCV  
  33  3:22  Factory Reactor  
  33  3:24  Marine  
  33  3:27  Marine  
  35  3:29  Marine  
  37  3:35  Supply Depot  
  37  3:36  SCV x2  
  39  3:42  Marine  
  39  3:44  Marine  
  39  3:47  Marine  
  39  3:48  SCV  
  43  3:52  SCV  
  44  3:57  Supply Depot  
  44  4:00  SCV  
  45  4:04  Medivac x2  
  45  4:05  Marine x3  
  45  4:08  Factory Tech Lab  
  52  4:11  Refinery  
  52  4:13  SCV  
  52  4:15  SCV  
  54  4:20  Supply Depot  
  54  4:22  Supply Depot  
  54  4:25  Supply Depot  
  54  4:27  SCV x2  
  54  4:30  Marine  
  57  4:31  Marine  
  58  4:39  SCV  
  58  4:40  SCV  
  58  4:44  Siege Tank  
  62  4:51  SCV, Marine x3  
  66  4:55  SCV  
  67  5:02  Combat Shields  
  67  5:04  SCV  
  68  5:07  SCV  
  68  5:09  Marine x3  
  72  5:16  SCV  
  72  5:19  SCV  
  74  5:27  Marine x2  
  74  5:28  SCV  
  70  5:30  Siege Tank  
  70  5:31  SCV  
  74  5:36  Command Center  
  74  5:38  Supply Depot  
  74  5:39  Marine  
  74  5:40  SCV  
  76  5:43  SCV  
  76  5:44  Engineering Bay x2  
  76  5:46  Refinery  
  76  5:47  Supply Depot, Marine  
  76  5:48  Marine  
  79  5:52  SCV  
  79  5:54  Supply Depot  
  79  5:55  SCV  
  81  5:57  Marine  
  81  6:00  Medivac  
  81  6:02  Medivac  
  86  6:04  SCV, Marine  
  86  6:06  Marine  
  86  6:08  Supply Depot  
  89  6:15  Barracks  
  89  6:16  SCV, Marine  
  91  6:21  Siege Tank  
  91  6:22  Marine  
  91  6:24  Marine  
  96  6:29  Terran Infantry Weapons Level 1  
  96  6:30  Terran Infantry Armor Level 1  
  96  6:32  SCV x2  
  98  6:34  Marine  
  98  6:37  Supply Depot  
  99  6:40  Marine  
  99  6:42  Marine  
  99  6:44  Supply Depot, SCV  
  99  6:46  SCV  
  103  6:52  Marine  
  105  6:56  SCV  
  105  6:59  SCV, Marine x2  
  105  7:01  Orbital Command  
  83  7:03  Barracks Reactor  
  83  7:06  Siege Tank  
  83  7:08  SCV, Barracks x2  
  82  7:11  SCV  
  82  7:14  Marine  
  85  7:19  Marine  
  85  7:21  SCV  
  85  7:22  Marine  
  88  7:23  SCV  
  89  7:32  Marine  
  89  7:33  Medivac, SCV  
  89  7:34  Medivac, Armory  
  89  7:35  SCV  
  89  7:37  Marine  
  95  7:38  Orbital Command, Siege Tank  
  95  7:40  Marine x3  
  102  7:45  SCV  
  102  7:48  SCV  
  102  7:49  Marine  
  105  7:54  Marine  
  105  7:57  SCV  
  105  7:58  Marine x2  
  107  8:00  Factory  
  107  8:01  Barracks Reactor  
  107  8:03  Bunker  
  107  8:06  SCV  
  107  8:07  Marine  
  107  8:08  Marine  
  107  8:10  Barracks Reactor  
  107  8:11  Supply Depot  
  107  8:12  Supply Depot, Siege Tank  
  112  8:13  SCV  
  112  8:14  Supply Depot  
  112  8:16  Marine  
  112  8:17  Marine  
  112  8:19  Marine  
  116  8:20  Refinery x2  
  116  8:22  Medivac  
  116  8:26  Terran Infantry Weapons Level 2  
  118  8:29  Terran Infantry Armor Level 2  
  118  8:30  Marine  
  118  8:31  Marine  
  120  8:37  Marine x2  
  120  8:40  Marine x3  
  123  8:42  Medivac  
  123  8:45  Factory Tech Lab  
  123  8:46  Marine  
  123  8:47  Marine  
  127  8:48  Marine  
  127  8:49  Marine  
  127  8:52  Medivac  
  127  8:55  Marine  
  131  8:56  Barracks, Siege Tank  
  131  8:58  Marine, Barracks  
  131  8:59  Supply Depot, Marine  
  131  9:00  Marine  
  131  9:01  Marine  
  138  9:04  Marine  
  138  9:05  Marine  
  138  9:06  Marine  
  138  9:07  Marine  
  142  9:12  Siege Tank  
  142  9:13  Marine  
  142  9:16  Marine  
  147  9:18  Marine x2  
  147  9:19  Marine  
  147  9:23  Supply Depot x2  
  150  9:24  Terran Vehicle Weapons Level 1  
  150  9:26  Marine  
  150  9:27  Marauder  
  150  9:28  Marine  
  153  9:32  Siege Tank  
  153  9:34  Marine x2  
  158  9:39  Medivac x2  
  158  9:45  Barracks Tech Lab x2, Marine  
  162  9:47  Marine x2  
  162  9:48  Marauder  
  162  9:49  Marine x2  
  162  9:52  Marine x2  
  171  9:56  Siege Tank  
Spawning Tool Build Advisor. Get it on Overwolf

Go to:

Details

  • Created by: holmes1884
  • Published on: Aug 14, 2016
  • Modified on: Aug 14, 2016
  • Patch: Pre-3.8.0
Show
View Real Time Build Order
Export as new Build Order

Comments (0)

There are no comments. Be the first!

Create an account to comment!